 Dungeon Crawl Stone Soup version 0.31-a0-150-g89dc3ad700 (webtiles) character file.

Game seed: 8073707733950684167

165 qw the Shooter (level 5, -6/46 HPs)
             Began as a Minotaur Hunter on June 8, 2023.
             Mangled by Duvessa
             ... wielding a +0 short sword
              (8 damage)
             ... on level 4 of the Dungeon.
             The game lasted 00:00:58 (2586 turns).

qw the Shooter (Minotaur Hunter)                    Turns: 2586, Time: 00:00:59

Health: -6/46      AC:  5    Str: 16    XL:     5   Next: 21%
Magic:  4/4        EV: 11    Int:  6    God:
Gold:   148        SH:  0    Dex: 15    Spells: 4/4 levels left

rFire   . . .        Y - +1 shortbow
rCold   . . .        (shield currently unavailable)
rNeg    . . .        g - +0 ring mail
rPois   .            (helmet restricted)
rElec   .            (no cloak)
rCorr   .            (no gloves)
SInv    .            (no boots)
Will    .....        (no amulet)
Stlth   +            (no ring)
HPRegen 0.27/turn    (no ring)
MPRegen 0.09/turn

%: no passive effects
@: no status effects
A: horns 2, retaliatory headbutt
a: no special abilities


You were on level 4 of the Dungeon.
You visited 1 branch of the dungeon, and saw 4 of its levels.

You collected 148 gold pieces.


Innate Abilities, Weirdness & Mutations

You have a pair of horns on your head.
You reflexively headbutt those who attack you in melee.


   Skills:
 - Level 4.0 Fighting
 + Level 6.4 Ranged Weapons
 - Level 1.1 Armour
 - Level 2.1 Dodging
 - Level 0.7 Stealth


You had 4 spell levels left.
You didn't know any spells.
Your spell library was empty.

Inventory:

Hand Weapons
 Y - a +1 shortbow (weapon)
Armour
 g - a +0 ring mail (worn)
Scrolls
 b - a scroll of identify
Potions
 a - a potion of heal wounds {unknown}
 d - a potion of attraction {unknown}
 e - a potion of might {unknown}
 f - 3 potions of curing
 k - a potion of degeneration {unknown}

Dungeon Overview and Level Annotations

Branches:
Dungeon (4/15)
 Temple: D:4-7

Altars:
Elyvilon
Ru
Uskayaw

Annotations:
D:3 3 runed translucent doors, qw's ghost, amateur GrFi
D:4 Dowan; Duvessa


Message History

Duvessa is moderately wounded.
An orc comes into view. It is wielding a +0 whip.
You shoot an arrow. The arrow closely misses Duvessa.
The arrow closely misses the orc.
You shoot an arrow. The arrow barely misses Duvessa.
You shoot an arrow.
The arrow hits Duvessa but does no damage.
Duvessa is moderately wounded.
You shoot an arrow. The arrow hits Duvessa.
Duvessa is moderately wounded.
You shoot an arrow.
The arrow hits Duvessa but does no damage.
Duvessa is moderately wounded.
You shoot an arrow. The arrow hits Duvessa.
Duvessa is moderately wounded.
The orc misses you. Duvessa hits you with a +0 short sword!
You shoot an arrow. The arrow barely misses Duvessa.
The orc misses you. You furiously retaliate!
You headbutt the orc!
You kill the orc!
Duvessa hits you with a +0 short sword.
You shoot an arrow. The arrow closely misses Duvessa.
Duvessa hits you with a +0 short sword!
You shoot an arrow.
The arrow hits Duvessa but does no damage.
Duvessa is moderately wounded.
Dowan mumbles some strange words.
Dowan blinks!
Duvessa misses you. You furiously retaliate!
You headbutt Duvessa. Duvessa barely misses you.
Dowan casts a spell.
Dowan blinks!
You shoot an arrow. The arrow barely misses Duvessa.
Duvessa says, "Where magic fails, the sword succeeds!"
Duvessa hits you with a +0 short sword.
You shoot an arrow. The arrow hits Duvessa!
Duvessa is severely wounded.
Duvessa hits you with a +0 short sword!
You shoot an arrow. The arrow barely misses Duvessa.
Dowan casts a spell at you. The puff of flame hits you!
Duvessa hits you with a +0 short sword!
You die...

#... #..###. #
#...##[..#...
##.#.....!#.... ^#
#............##.
#.... #.##....<......
.....##..............
..$..#........)......
........e....@.......
..!..........e#......
.............## .....
..............# .##.
.......<%.....# .#
[...........#.... #
?...........##....
..........### ....?
#.........# #....


You could see Duvessa and Dowan.

Vanquished Creatures
  3 adders
  4 gnolls (D:3)
  An ufetubus (D:4)
  3 worms
  2 dart slugs
  4 orcs
  10 ball pythons
  6 bats
  7 endoplasms
  12 goblins
  3 hobgoblins
  2 jackals (D:3)
  9 kobolds
  A quokka (D:2)
  3 frilled lizards
  9 rats
79 creatures vanquished.

Notes
Turn   | Place    | Note
-------+----------+-------------------------------------------
     0 | D:1      | qw the Minotaur Hunter began the quest for the Orb.
     0 | D:1      | Reached XP level 1. HP: 18/18 MP: 0/0
     0 | D:1      | 0 ||| qw: Version: 0.2-a-119-g7aa9181
     0 | D:1      | 0 ||| qw: Game counter: 2867
     0 | D:1      | 0 ||| qw: Always use a shield: true
     0 | D:1      | 0 ||| qw: God list: Okawaru
     0 | D:1      | 0 ||| qw: Allow faded altars: false
     0 | D:1      | 0 ||| qw: Do Orc after D:15 true
     0 | D:1      | 0 ||| qw: Do second Lair branch before Depths: true
     0 | D:1      | 0 ||| qw: Lair rune preference: random
     0 | D:1      | 0 ||| qw: Plans: Normal
     0 | D:1      | 0 ||| PLANNING D:1-11
    90 | D:1      | Reached XP level 2. HP: 25/25 MP: 1/1
    97 | D:1      | Reached skill level 5 in Ranged Weapons
   283 | D:1      | Reached skill level 3 in Fighting
   452 | D:1      | 452 ||| UPGRADING to +0 ring mail.
   462 | D:1      | 462 ||| DROPPING +0 leather armour.
   463 | D:1      | 463 ||| READING scroll labelled YGUEPAW ODUXA.
   464 | D:1      | 464 ||| READING scroll labelled QIRIQARR KUTU.
   465 | D:1      | 465 ||| READING scroll labelled YSIDGH JURUSM.
   466 | D:1      | 466 ||| READING scroll labelled OGASOYN FOMA.
   467 | D:1      | 467 ||| READING scroll labelled GEPUMES WOXU.
   468 | D:1      | 468 ||| READING scroll labelled OLOWEUGINN.
   469 | D:1      | 469 ||| READING scroll labelled KUATAT USIUNAGIMI.
   470 | D:1      | 470 ||| READING 3 scrolls labelled DELUANN OTTE.
   471 | D:1      | 471 ||| DROPPING scroll of butterflies.
   472 | D:1      | 472 ||| DROPPING 2 scrolls of noise.
   474 | D:1      | 474 ||| Stepping ~*~*~tactically~*~*~ (cloud).
   477 | D:1      | HP: 5/26 [poisoned by you (poison gas)]
   481 | D:1      | HP: 2/26 [poisoned by you (poison gas)]
   632 | D:2      | Found a white marble altar of Elyvilon.
   669 | D:2      | Reached skill level 1 in Armour
   790 | D:2      | Reached XP level 3. HP: 30/31 MP: 2/2
  1374 | D:2      | Reached XP level 4. HP: 38/38 MP: 3/3
  1550 | D:2      | 1550 ||| READING scroll labelled AFUICVI YRHUE.
  1551 | D:2      | 1551 ||| DRINKING 3 fuming red potions.
  1618 | D:3      | Reached skill level 6 in Ranged Weapons
  1768 | D:3      | Noticed qw's ghost (amateur GrFi)
  1800 | D:3      | Found a faded altar of an unknown god.
  1950 | D:3      | 1950 ||| Stepping ~*~*~tactically~*~*~ (water).
  1960 | D:3      | Reached XP level 5. HP: 14/46 MP: 4/4
  2236 | D:3      | Found a hide-covered altar of Uskayaw.
  2236 | D:3      | Found a sacrificial altar of Ru.
  2366 | D:3      | Found a runed translucent gate.
  2366 | D:3      | Found a runed translucent gate.
  2366 | D:3      | Found a runed translucent gate.
  2561 | D:4      | 2561 ||| PLANNING SEWER
  2573 | D:4      | Noticed Dowan
  2573 | D:4      | Noticed Duvessa
  2586 | D:4      | HP: 2/46 [Dowan/puff of flame (14)]
  2586 | D:4      | Mangled by Duvessa

Levels and vault maps discovered:
D:1:      matt_arrival_diagonals, layout_basic
D:2:      minmay_razor_zed, layout_loops_ring, basic_altar,
          minmay_misc_feat_enclosed, dreamdust_princess_corridor,
          nicolae_underground_beach
D:3:      layout_loops_ring, mainiacjoe_overflow_divided_tiny,
          gammafunk_ghost_icy, chequers_ecumenical_altar_island
D:4:      layout_cave_pools, portal_sewer_entry_d, uniq_duvessa

Skill      XL: |  1  2  3  4 |
---------------+-------------+-----
Ranged Weapons | 5 6 |  6.4
Fighting       | 3 4 |  4.0
Armour         | 1 |  1.1
Dodging        | |  2.1
Stealth        | |  0.7

Action                     |  1- 3 |  4- 6 || total
---------------------------+-------+-------++-------
   Fire: Shortbow          |   121 |    91 ||   212
    Use: Scroll            |     8 |     1 ||     9
         Potion            |       |     1 ||     1
 Armour: Leather armour    |     5 |       ||     5
         Ring mail         |    18 |     8 ||    26
  Dodge: Dodged            |    27 |    30 ||    57

Table legend:
 A = Non-vault XP
 B = Vault XP
 C = Vault XP percentage of total XP
 D = Non-vault monster count
 E = Vault monster count
 F = Vault count percentage of total count
                 A         B        C        D         E       F
            +---------+---------+-------+---------+---------+-------
      Total |     198 |      38 |  16.1 |      65 |      14 |  17.7
            +---------+---------+-------+---------+---------+-------
        D:1 |      30 |       0 |   0.0 |      21 |       0 |   0.0
        D:2 |      49 |      38 |  43.7 |      19 |      14 |  42.4
        D:3 |     107 |       0 |   0.0 |      22 |       0 |   0.0
        D:4 |      12 |       0 |   0.0 |       3 |       0 |   0.0
            +---------+---------+-------+---------+---------+-------
